 Dungeon Crawl Stone Soup version 0.17.1-2-g5865329 (webtiles) character file.

3229 Clownie the Summoner (level 9, -7/51 HPs)
             Began as a High Elf Summoner on Feb 9, 2016.
             Shot with an arrow by a centaur warrior (18 damage)
             ... on level 9 of the Dungeon.
             The game lasted 00:32:42 (11701 turns).

Clownie the Summoner (High Elf Summoner)           Turns: 11701, Time: 00:32:44

Health: -7/51      AC:  4    Str:  7    XL:     9   Next: 66%
Magic:  15/22      EV: 13    Int: 23    God:
Gold:   354        SH:  0    Dex: 16    Spells: 5 memorised, 11 levels left

rFire  . . .     SeeInvis .     J - +1 whip (elec)
rCold  + . .     Clarity  .     a - +0 robe
rNeg   . . .     SustAt   .     (no shield)
rPois  .         Gourm    .     r - +0 helmet
rElec  .         Spirit   .     (no cloak)
rCorr  +         Warding  .     (no gloves)
rMut   .         Stasis   .     S - +0 pair of boots
MR     +....                    L - amulet of resist corrosion
Stlth  ++........               G - ring of protection from magic
                                n - ring of protection from cold

@: somewhat resistant to hostile enchantments, unstealthy
A: no striking features
a: no special abilities


You were on level 9 of the Dungeon.
You were not hungry.

You visited 2 branches of the dungeon, and saw 10 of its levels.
You also visited: Ossuary.

You collected 354 gold pieces.

Inventory:

Hand Weapons
 J - a +1 whip of electrocution (weapon)
Armour
 a - a +0 robe (worn)
 r - a +0 helmet (worn)
 S - a +0 pair of boots (worn)
Magical Staves
 M - an uncursed staff of air
Jewellery
 m - an uncursed amulet of rage
 n - a ring of protection from cold (left hand)
 C - an uncursed ring of protection from cold
 G - a ring of protection from magic (right hand)
 L - an amulet of resist corrosion (around neck)
 N - an uncursed amulet of warding {unknown}
 P - an uncursed ring of stealth {unknown}
Wands
 F - a wand of lightning (4)
 Q - a wand of teleportation (0)
Scrolls
 d - 2 scrolls of blinking {unknown}
 f - a scroll of noise {unknown}
 g - 2 scrolls of teleportation
 s - a scroll of enchant weapon {unknown}
 x - 2 scrolls of immolation
 y - 2 scrolls of fear {unknown}
 D - a scroll of magic mapping
 E - a scroll of recharging {unknown}
 K - a scroll of remove curse {unknown}
 O - a scroll of fog {unknown}
 T - a scroll of identify
Potions
 e - a potion of curing
 h - a potion of ambrosia {unknown}
 i - 2 potions of mutation {unknown}
 j - a potion of cure mutation {unknown}
 k - a potion of agility {unknown}
 l - a potion of flight {unknown}
 o - 2 potions of magic {unknown}
 p - 2 potions of berserk rage {unknown}
 q - a potion of invisibility {unknown}
 w - 2 potions of resistance {unknown}
 z - a potion of heal wounds {unknown}
 A - 2 potions of might {unknown}
 B - 3 potions of cancellation {unknown}
 H - 2 potions of beneficial mutation {unknown}
 I - a potion of haste {unknown}
Books
 b - a book of Callings

   Spells                             Type                      Level
   a - Summon Small Mammal            Summoning                    1
   b - Call Imp                       Summoning                    2
   c - Call Canine Familiar           Summoning                    3
   d - Summon Guardian Golem          Hexes/Summoning              3
   e - Summon Lightning Spire         Summoning/Air                4
   f - Summon Ice Beast               Ice/Summoning                4
Comestibles
 c - 7 bread rations
 t - 2 meat rations
 u - 3 beef jerkies
 v - 18 fruits


   Skills:
 - Level 2.1 Dodging
 - Level 2.1 Stealth
 + Level 8.9 Spellcasting
 * Level 10.9 Summonings


You had 11 spell levels left.
You knew the following spells:

 Your Spells              Type           Power        Failure   Level  Hunger
a - Summon Small Mammal   Summ           ####         1%          1    None
b - Call Imp              Summ           ######..     1%          2    None
c - Call Canine Familiar  Summ           ######..     1%          3    None
d - Summon Ice Beast      Ice/Summ       #####...     10%         4    ##.....
e - Summon Lightning Spi  Summ/Air       #####...     10%         4    ##.....


Dungeon Overview and Level Annotations

Branches:
Dungeon (9/15)             Temple (1/1) D:5            Lair (0/8) D:8
    Orc: D:9-12

Altars:
Ashenzari
Cheibriados
Dithmenos
Elyvilon
Fedhas
Makhleb
Nemelex Xobeh
Okawaru
Qazlal
Ru
Trog
Vehumet
Xom
Yredelemnul
Zin
The Shining One


Message History

Drink which item? (? for menu, Esc to quit)
You feel better.
The centaur warrior shoots an arrow.
The arrow barely misses your wolf. The arrow hits you!
* * * LOW HITPOINT WARNING * * *
Your wolf completely misses the centaur warrior.
The iguana closely misses your wolf.
Your ice beast hits the iguana.
Your ice beast freezes the iguana!
The iguana dies!
The centaur warrior unwields an uncursed longbow.
The centaur warrior misses your wolf.
Your lightning spire shoots out a bolt of lightning at the centaur warrior!
The bolt of electricity hits the centaur warrior.
Drink which item? (? for menu, Esc to quit)
You feel better.
Your wolf bites the centaur warrior but does no damage.
Your wolf barely misses the centaur warrior.
The centaur warrior wields an uncursed longbow.
The centaur warrior shoots an arrow.
The arrow barely misses your wolf. The arrow hits you!!
You die...

.... .....####
......... ......... .
......<.######'#
.c.....#@.....#
.......#h.....#
#########c.c..Y...#
#.......#..#8.....#
#.......#..#......#
##.......#..#......#
####........#..#......#
))))))).....#..########
.##)...........##


You could see a centaur warrior, a friendly ice beast, a friendly wolf and a
friendly lightning spire.

Vanquished Creatures
  A black bear (D:8)
  A phantom (D:8)
  A centaur (D:6)
  A big kobold (D:8)
  A giant frog (D:7)
  A scorpion (D:8)
  A water moccasin skeleton (D:6)
  A hound (D:5)
  A centaur skeleton (D:8)
  An iguana (D:8)
  A worker ant (D:4)
  A hound skeleton (D:4)
  A worker ant zombie (D:5)
  3 adders
  A gnoll (D:5)
  A shadow imp (D:8)
  2 oozes (D:2)
  An adder zombie (Ossuary)
  2 giant geckos
  6 orcs
  A giant cockroach (D:2)
  A gnoll zombie (Ossuary)
  3 hobgoblins
  A jackal (D:2)
  7 kobolds
  A quokka (D:8)
  5 bats
  3 giant newts
  2 goblins (D:1)
  3 kobold zombies (Ossuary)
  7 rats
63 creatures vanquished.

Vanquished Creatures (collateral kills)
  Erolcha (D:8)
  Pikel (D:6)
  A two-headed ogre (D:8)
  A steam dragon (D:8)
  A hippogriff (D:7)
  Edmund (D:6)
  5 orc warriors
  A phantom (D:4)
  3 ice beasts
  A sky beast (D:8)
  A centaur (D:8)
  5 ogres
  2 giant frogs
  2 water moccasin zombies (Ossuary)
  A wyvern zombie (D:8)
  A crimson imp (D:6)
  3 orc priests
  3 hounds
  A jelly (D:9)
  4 giant frog zombies
  A giant frog skeleton (D:5)
  6 orc wizards
  4 worker ants
  2 centaur skeletons
  2 iguanas
  2 big kobold zombies (Ossuary)
  A hound zombie (D:5)
  2 mummies (Ossuary)
  A worker ant zombie (D:8)
  7 adders
  5 gnolls
  5 adder zombies (Ossuary)
  2 oozes
  2 adder skeletons
  A worm (D:5)
  3 giant geckos
  45 orcs
  3 bats
  A giant cockroach (D:3)
  4 gnoll zombies (Ossuary)
  5 goblins
  8 hobgoblins
  2 jackals (D:2)
  8 kobolds
  A giant newt (D:4)
  2 hobgoblin zombies (Ossuary)
  4 kobold zombies (Ossuary)
  4 orc zombies (Ossuary)
  5 rats
177 creatures vanquished.

Vanquished Creatures (others)
  A giant frog (D:6)
  A water moccasin zombie (Ossuary)
  2 orcs (D:4)
  A gnoll zombie (Ossuary)
  A hobgoblin zombie (Ossuary)
  2 kobold zombies (Ossuary)
  A fungus (D:8)
9 creatures vanquished.

Grand Total: 249 creatures vanquished

Notes
Turn   | Place    | Note
--------------------------------------------------------------
     0 | D:1      | Clownie the High Elf Summoner began the quest for the Orb.
     0 | D:1      | Reached XP level 1. HP: 11/11 MP: 4/4
   447 | D:1      | Reached XP level 2. HP: 9/17 MP: 2/6
   457 | D:1      | Learned a level 2 spell: Call Imp
   622 | D:1      | Reached skill level 4 in Summonings
  1417 | D:2      | Reached XP level 3. HP: 13/21 MP: 1/8
  1700 | D:2      | Found a shattered altar of Ashenzari.
  2084 | D:2      | Reached XP level 4. HP: 27/27 MP: 5/9
  2125 | D:2      | Learned a level 3 spell: Call Canine Familiar
  2781 | D:3      | Reached skill level 5 in Summonings
  3174 | D:3      | Reached XP level 5. HP: 17/31 MP: 7/11
  3550 | D:4      | Noticed an ogre
  3557 | D:4      | Killed an ogre
  3573 | D:4      | Noticed a phantom
  3624 | D:4      | Killed a phantom
  3640 | D:4      | Noticed an orc warrior
  3664 | D:4      | Reached XP level 6. HP: 36/36 MP: 1/13
  3822 | D:4      | Killed an orc warrior
  3822 | D:4      | Reached skill level 6 in Summonings
  3931 | D:4      | Found a sand-covered staircase.
  3935 | Ossuary  | Entered an ossuary
  5252 | D:4      | Reached skill level 5 in Spellcasting
  5503 | D:4      | Found a sacrificial altar of Ru.
  5608 | D:4      | Found a bloodstained altar of Trog.
  5636 | D:5      | Entered Level 5 of the Dungeon
  5644 | D:5      | Reached XP level 7. HP: 34/41 MP: 10/15
  6165 | D:5      | Reached skill level 7 in Summonings
  6198 | D:5      | Found a staircase to the Ecumenical Temple.
  6241 | Temple   | Entered the Ecumenical Temple
  6596 | D:5      | Found a glowing golden altar of the Shining One.
  6770 | D:5      | Found an iron altar of Okawaru.
  7136 | D:6      | Noticed Edmund
  8299 | D:6      | Killed Edmund
  8482 | D:6      | Reached skill level 8 in Summonings
  8482 | D:6      | Reached XP level 8. HP: 24/46 MP: 15/18
  8686 | D:6      | Noticed Pikel
  8743 | D:6      | Killed Pikel
  9780 | D:8      | Reached skill level 9 in Summonings
  9993 | D:8      | Found a staircase to the Lair.
 10041 | D:8      | Noticed Erolcha
 10271 | D:8      | Killed Erolcha
 10271 | D:8      | Reached XP level 9. HP: 47/51 MP: 5/21
 10480 | D:8      | Found an iron altar of Okawaru.
 10537 | D:8      | Reached skill level 10 in Summonings
 10731 | D:8      | Noticed a two-headed ogre
 10736 | D:8      | Killed a two-headed ogre
 10758 | D:8      | Learned a level 4 spell: Summon Ice Beast
 10763 | D:8      | Learned a level 4 spell: Summon Lightning Spire
 10804 | D:8      | Noticed a centaur skeleton
 10813 | D:8      | Killed a centaur skeleton
 11212 | D:8      | Found a blossoming altar of Fedhas.
 11692 | D:9      | Noticed a centaur warrior
 11700 | D:9      | HP: 1/51 [centaur warrior/arrow (15)]
 11701 | D:9      | Shot with an arrow by a centaur warrior

Action                   |  1- 3 |  4- 6 |  7- 9 || total
-------------------------+-------+-------+-------++-------
Melee: Dagger            |    83 |   184 |   129 ||   396
       Unarmed           |     7 |       |       ||     7
       Whip              |       |       |    71 ||    71
 Cast: Summon Small Mamm |    29 |    21 |    18 ||    68
       Call Imp          |    10 |    20 |    49 ||    79
       Call Canine Famil |       |    22 |    46 ||    68
       Summon Lightning  |       |       |     2 ||     2
       Summon Ice Beast  |       |       |     1 ||     1
  Use: Scroll            |       |     4 |       ||     4
       Potion            |       |     1 |     6 ||     7
 Stab: Sleeping          |     2 |     3 |       ||     5
       Distracted        |       |     1 |     4 ||     5
  Eat: Chunk             |     4 |     8 |    14 ||    26
       Meat ration       |       |     1 |     1 ||     2
       Fruit             |       |       |     1 ||     1
